 Dungeon Crawl Stone Soup version 0.16.1-18-g436b03c (webtiles) character file.

1144 Mellonil the Grave Robber (level 8, 52/52 HPs)
             Began as a Demonspawn Necromancer on May 1, 2015.
             Quit the game on level 5 of the Dungeon on May 3, 2015.
             The game lasted 01:00:57 (7427 turns).

Mellonil the Grave Robber (Demonspawn Necromancer)  Turns: 7427, Time: 01:00:57

Health: 52/52      AC:  6    Str:  9    XL:     8   Next: 15%
Magic:  20/20      EV: 13    Int: 19    God:
Gold:   266        SH:  0    Dex: 13    Spells: 5 memorised, 5 levels left

rFire  + . .     SeeInvis .     n - +0 war axe
rCold  . . .     Clarity  .     m - +0 robe
rNeg   . . .     SustAb   .     (no shield)
rPois  .         Gourm    .     (no helmet)
rElec  .         Spirit   +     (no cloak)
rCorr  .         Warding  .     v - +0 pair of gloves
rMut   .         Stasis   .     (no boots)
MR     .....                    (no amulet)
Stlth  +++.......               (no ring)
                                a - ring of protection from fire

@: not resistant to hostile enchantments, fairly stealthy
A: talons 1, thin metallic scales 2, spiny 1, magic shield, magic regeneration
a: no special abilities


You were on level 5 of the Dungeon.
You were not hungry.

You visited 1 branch of the dungeon, and saw 5 of its levels.

You collected 266 gold pieces.

Inventory:

Hand weapons
 n - a +0 war axe (weapon)
Missiles
 e - 4 tomahawks of returning (quivered)
Armour
 m - a +0 robe (worn)
 v - a +0 pair of gloves (worn)
Jewellery
 a - a ring of protection from fire (left hand)
Magical devices
 i - a wand of digging (24)
Scrolls
 d - 2 scrolls of identify
 s - 2 scrolls of blinking
 x - a scroll of remove curse
Potions
 g - a potion of experience {unknown}
 h - 2 potions of invisibility
 j - a potion of ambrosia {unknown}
 k - a potion of magic {unknown}
 l - 2 potions of curing
 o - a potion of resistance {unknown}
 q - a potion of restore abilities {unknown}
 r - a potion of cancellation {unknown}
 u - a potion of heal wounds {unknown}
 w - 2 potions of might {unknown}
 z - 2 potions of agility {unknown}
 A - a potion of brilliance {unknown}
Books
 b - a book of Necromancy

   Spells                             Type                      Level
   a - Pain                           Necromancy                   1
   b - Animate Skeleton               Necromancy                   1
   c - Vampiric Draining              Necromancy                   3
   d - Regeneration                   Charms/Necromancy            3
   e - Animate Dead                   Necromancy                   4
   f - Control Undead                 Necromancy                   4
Comestibles
 c - a bread ration
 f - 3 meat rations
 p - 4 chunks of flesh


   Skills:
 + Level 3.6 Dodging
 + Level 4.5 Stealth
 * Level 5.4 Spellcasting
 * Level 7.5 Necromancy


You had 5 spell levels left.
You knew the following spells:

 Your Spells              Type           Power        Failure   Level  Hunger
a - Pain                  Necr           ####         1%          1    None
b - Animate Skeleton      Necr           N/A          1%          1    None
c - Regeneration          Chrm/Necr      ###.......   10%         3    ##.....
d - Vampiric Draining     Necr           ####......   1%          3    ##.....
e - Animate Dead          Necr           N/A          8%          4    ####...


Dungeon Overview and Level Annotations

Branches:
Dungeon (5/15)
 Temple: D:4-7

Altars:
Gozag
Nemelex Xobeh
Ru
Trog
Vehumet
The Shining One

Annotations:
D:5 Edmund


Innate Abilities, Weirdness & Mutations

You have sharp toenails.
You are mostly covered in thin metallic scales (AC +3).
You are partially covered in sharp spines.
When hurt, damage is shared between your health and your magic reserves.
You regenerate magic rapidly.


Message History

Casting: Pain
Confirm with . or Enter, or press ? or * to list all spells.
Aiming: Pain
Press: ? - help, Shift-Dir - straight line, f/p - iguana
Aim: an iguana (almost dead, chance 89%)
The iguana convulses in agony!
You kill the iguana!
Casting: Pain
Confirm with . or Enter, or press ? or * to list all spells.
You call on the dead to rise...
The dead are walking!
You swap places.
You see here a hunting sling.
You see here a short sword.
You start resting.
HP restored.
Saving game... please wait.
Level annotation: Edmund Welcome back, Mellonil the Demonspawn Necromancer.
Press ? for a list of commands and other information.
Are you sure you want to abandon this character and quit the game? (Confirm with "yes".)

### #.### ..## #...##
...## #####....# ...
....# #........##....
....######.###....#.....
......Z...........#......
...######.#####..........
...# #.# ##.#...... ####
#.# #@#)#### ####
###.######ZZ.# .....
........(<..## ##...
#...######.## .. ###
#...# ######Z###
#....ZZ..# #........#
#........#


You could see a friendly goblin zombie and a friendly orc skeleton.

Vanquished Creatures
  A water moccasin (D:5)
  An ice beast (D:5)
  2 phantoms
  2 ogres (D:5)
  A scorpion (D:4)
  A crimson imp (D:4)
  2 orc priests (D:5)
  2 hounds (D:5)
  5 orc wizards
  An iguana (D:5)
  A worker ant (D:4)
  3 adders
  4 gnolls (D:2)
  3 worms
  2 giant geckos
  18 orcs
  2 ball pythons
  A bat zombie (D:5)
  7 giant cockroaches
  8 hobgoblins
  7 bats
  5 giant newts
  11 goblins
  10 jackals
  4 kobolds
  2 quokkas (D:5)
  A quokka skeleton (D:4)
  9 rats
116 creatures vanquished.

Vanquished Creatures (collateral kills)
  An ogre (D:5)
  A centaur zombie (D:5)
  5 orcs
  A goblin (D:3)
  A kobold (D:5)
  2 rats
11 creatures vanquished.

Vanquished Creatures (others)
  An ogre zombie (D:5)
  A hound zombie (D:5)
  An adder zombie (D:5)
  A bat skeleton (D:4)
  A ball python skeleton (D:4)
  A giant newt skeleton (D:4)
  2 goblin skeletons (D:4)
  A goblin zombie (D:5)
  3 hobgoblin skeletons
  2 jackal skeletons
  2 jackal zombies (D:5)
  A kobold zombie (D:5)
  12 orc skeletons
  3 orc zombies (D:5)
  A quokka skeleton (D:5)
  A quokka zombie (D:5)
  3 rat skeletons (D:4)
37 creatures vanquished.

Grand Total: 164 creatures vanquished

Notes
Turn   | Place    | Note
--------------------------------------------------------------
     0 | D:1      | Mellonil, the Demonspawn Necromancer, began the quest for the Orb.
     0 | D:1      | Reached XP level 1. HP: 13/13 MP: 3/3
   629 | D:1      | Gained mutation: You are partially covered in thin metallic scales (AC +2). [demonic ancestry]
   629 | D:1      | Reached XP level 2. HP: 19/19 MP: 2/4
   654 | D:1      | Learned a level 1 spell: Animate Skeleton
  1884 | D:2      | Gained mutation: You are partially covered in sharp spines. [demonic ancestry]
  1884 | D:2      | Reached XP level 3. HP: 24/24 MP: 4/6
  2020 | D:2      | Found a bloodstained altar of Trog.
  2020 | D:2      | Found a radiant altar of Vehumet.
  2021 | D:2      | Found a glowing golden altar of the Shining One.
  2119 | D:2      | Reached skill level 5 in Necromancy
  2451 | D:2      | Gained mutation: When hurt, damage is shared between your health and your magic reserves. [demonic ancestry]
  2451 | D:2      | Reached XP level 4. HP: 22/30 MP: 0/8
  2740 | D:2      | Found a sacrificial altar of Ru.
  2740 | D:2      | Found a sparkling altar of Nemelex Xobeh.
  3185 | D:3      | Found an opulent altar of Gozag.
  4205 | D:4      | Gained mutation: You are mostly covered in thin metallic scales (AC +3). [demonic ancestry]
  4205 | D:4      | Reached XP level 5. HP: 24/35 MP: 5/11
  4490 | D:4      | Noticed a phantom
  4539 | D:4      | Learned a level 3 spell: Regeneration
  4905 | D:4      | Killed a phantom
  4905 | D:4      | Gained mutation: You have sharp toenails. [demonic ancestry]
  4905 | D:4      | Reached XP level 6. HP: 35/41 MP: 4/15
  5199 | D:4      | Learned a level 3 spell: Vampiric Draining
  5215 | D:5      | Entered Level 5 of the Dungeon
  5547 | D:4      | Reached skill level 6 in Necromancy
  6362 | D:5      | Noticed a water moccasin
  6374 | D:5      | Killed a water moccasin
  6374 | D:5      | Gained mutation: You regenerate magic rapidly. [demonic ancestry]
  6374 | D:5      | Reached XP level 7. HP: 30/46 MP: 3/17
  6378 | D:5      | Noticed Edmund
  6496 | D:4      | Learned a level 4 spell: Animate Dead
  7057 | D:5      | Reached skill level 5 in Spellcasting
  7057 | D:5      | Reached skill level 7 in Necromancy
  7189 | D:5      | Reached XP level 8. HP: 24/52 MP: 11/20
  7427 | D:5      | Quit the game

Action                   |  1- 3 |  4- 6 |  7- 9 || total
-------------------------+-------+-------+-------++-------
Melee: War axe           |     1 |   103 |    42 ||   146
Throw: Tomahawk          |    19 |    29 |    10 ||    58
 Cast: Pain              |    54 |   112 |    63 ||   229
       Animate Skeleton  |     1 |    30 |     2 ||    33
       Regeneration      |       |     4 |     1 ||     5
       Animate Dead      |       |       |     8 ||     8
  Use: Scroll            |       |     7 |     5 ||    12
       Potion            |       |     1 |       ||     1
 Stab: Distracted        |       |       |     1 ||     1
  Eat: Chunk             |     5 |    10 |     1 ||    16
       Pizza             |       |     1 |       ||     1
       Beef jerky        |       |     1 |       ||     1
       Bread ration      |       |       |     1 ||     1
